 Dungeon Crawl Stone Soup version 0.27.0-1-g7a089689b8 (webtiles) character file.

Game seed: 1673508496052238273

688 horus123 the Slasher (level 7, -5/55 HPs)
             Began as a Human Fighter on Aug 15, 2021.
             Was an Initiate of Ashenzari.
             Slain by Prince Ribbit (13 damage)
             ... on level 5 of the Dungeon.
             The game lasted 00:07:21 (4096 turns).

horus123 the Slasher (Human Fighter)                Turns: 4096, Time: 00:07:22

Health: -5/55      AC:  8    Str: 19    XL:     7   Next: 94%
Magic:  7/7        EV:  6    Int:  8    God:    Ashenzari [......]
Gold:   212        SH: 14    Dex: 15    Spells: 6/6 levels left

rFire    . . .     SeeInvis .   a - +1 long sword
rCold    . . .     Faith    .   d - +0 tower shield
rNeg     . . .     Spirit   .   b - +0 scale mail
rPois    .         Reflect  .   (no helmet)
rElec    .         Harm     .   (no cloak)
rCorr    .         Rampage  .   g - +0 pair of gloves "Unveiling Sybil" {Dex+3, Self, Cun} (curse)
Will     .....                  (no boots)
Stlth    +.........             (no amulet)
HPRegen  0.18/turn              (no ring)
MPRegen  0.10/turn              (no ring)

@: no status effects
A: no striking features
a: Renounce Religion, Curse Item, Shatter the Chains


You were on level 5 of the Dungeon.
You worshipped Ashenzari.
Ashenzari was noncommittal.
You visited 1 branch of the dungeon, and saw 5 of its levels.

You collected 212 gold pieces.

Inventory:

Hand Weapons
 a - a +1 long sword (weapon)
Armour
 b - a +0 scale mail (worn)
 d - a +0 tower shield (worn)
 g - the cursed +0 pair of gloves "Unveiling Sybil" (worn) {Dex+3, Self, Cun}
   (You acquired it on level 1 of the Dungeon)

   It has a curse which improves the following skills: Introspection: Fighting
   and Spellcasting.
   Cunning:   Dodging and Stealth.
Scrolls
 h - a scroll of vulnerability
Potions
 e - 6 potions of haste
 f - 2 potions of flight
 i - a potion of magic
 j - a potion of invisibility


   Skills:
 + Level 4.0(4.4) Fighting
 * Level 6.4 Long Blades
 + Level 3.8 Armour
 + Level 1.2(1.6) Dodging
 + Level 1.2(1.5) Stealth
 + Level 4.2 Shields


You had 6 spell levels left.
You didn't know any spells.
Your spell library was empty.

Dungeon Overview and Level Annotations

Branches:
Dungeon (5/15)
 Temple: D:4-7

Altars:
Ashenzari
Makhleb
Qazlal
Uskayaw

Shops:
D:3 =

Annotations:
D:5 Prince Ribbit


Message History

There is an open door, spattered with blood here.
There is an open door here.
There is an open door here.
There is a stone staircase leading down here.
You climb downwards.
Prince Ribbit comes into view.
Prince Ribbit croaks.
There is a stone staircase leading up here.
Hit: a) +1 long sword
Press: ? - help, Dir - move target Your weapon can't reach that far!
Okay, then.
Prince Ribbit lets out a mournful croak.
You block Prince Ribbit's attack.
You closely miss Prince Ribbit. You block Prince Ribbit's attack.
Prince Ribbit hits you but does no damage.
You closely miss Prince Ribbit. Prince Ribbit hits you!
Prince Ribbit blinks!
Prince Ribbit hits you. You block Prince Ribbit's attack.
You closely miss Prince Ribbit.
Prince Ribbit sighs, "It's not easy being green!"
You block Prince Ribbit's attack. Prince Ribbit closely misses you.
You barely miss Prince Ribbit. Prince Ribbit hits you!
Prince Ribbit blinks!
You are too injured to fight recklessly!
You are too injured to fight recklessly!
You are too injured to fight recklessly!
Unknown command.
Prince Ribbit is nearby!
You block Prince Ribbit's attack.
You barely miss Prince Ribbit. You block Prince Ribbit's attack. x2
You miss Prince Ribbit. You block Prince Ribbit's attack.
Prince Ribbit hits you!
* * * LOW HITPOINT WARNING * * *
You closely miss Prince Ribbit.
Prince Ribbit hits you but does no damage.
Prince Ribbit completely misses you.
You riposte.
You miss Prince Ribbit. You closely miss Prince Ribbit.
Prince Ribbit barely misses you. Prince Ribbit hits you!
* * * LOW HITPOINT WARNING * * *
You closely miss Prince Ribbit. Prince Ribbit hits you!
You die...

#### ########
....#
#......#
#...#
##.....#
#...##..F...#
#...#..@..#
#..<.....#
##.......#
##.....##
##...##
##...# ##...#
#..... #..###


You could see Prince Ribbit.

Vanquished Creatures
  Sigmund (D:4)
  Menkaure (D:4)
  An ice beast (D:3)
  A scorpion (D:3)
  An orc priest (D:3)
  2 bullfrog skeletons (D:4)
  A centaur skeleton (D:3)
  An iguana (D:4)
  3 adders
  3 gnolls (D:4)
  A shadow imp (D:4)
  5 orcs (D:3)
  5 endoplasms
  2 giant cockroaches (D:1)
  A goblin (D:1)
  8 hobgoblins
  6 jackals
  5 kobolds
  2 quokkas
  5 ball pythons
  5 bats
  2 frilled lizards (D:1)
  5 rats
67 creatures vanquished.

Notes
Turn   | Place    | Note
-------+----------+-------------------------------------------
     0 | D:1      | horus123 the Human Fighter began the quest for the Orb.
     0 | D:1      | Reached XP level 1. HP: 18/18 MP: 1/1
    72 | D:1      | Reached XP level 2. HP: 24/24 MP: 2/2
   371 | D:1      | Reached XP level 3. HP: 24/29 MP: 3/3
   524 | D:1      | Identified a scroll of acquirement
   524 | D:1      | Acquired a +0 pair of gloves of dexterity
  1063 | D:2      | Reached skill level 3 in Long Blades
  1236 | D:3      | Reached XP level 4. HP: 33/35 MP: 4/4
  1411 | D:3      | Reached XP level 5. HP: 29/41 MP: 5/5
  1463 | D:3      | Found a faded altar of an unknown god.
  1463 | D:3      | Noticed a hellion
  1473 | D:3      | Became a worshipper of Ashenzari the Shackled
  1602 | D:3      | Reached skill level 4 in Long Blades
  1778 | D:3      | Found Oxuenel's Jewellery Shoppe.
  1849 | D:3      | Noticed an ice beast
  1858 | D:3      | Killed an ice beast
  1859 | D:3      | Reached skill level 5 in Long Blades
  1859 | D:3      | Reached skill level 1 in Dodging
  1859 | D:3      | Reached XP level 6. HP: 27/48 MP: 6/6
  2239 | D:4      | Noticed Menkaure
  2243 | D:4      | HP: 1/48 [Menkaure/nerve-wracking pain (13)]
  2250 | D:4      | Killed Menkaure
  2251 | D:4      | Reached XP level 7. HP: 14/54 MP: 7/7
  2743 | D:4      | Reached skill level 6 in Long Blades
  2873 | D:4      | Reached skill level 1 in Stealth
  3100 | D:4      | Noticed Sigmund
  3121 | D:4      | Killed Sigmund
  3577 | D:4      | Found a stormy altar of Qazlal.
  3868 | D:4      | Found a burning altar of Makhleb.
  3869 | D:4      | Found a hide-covered altar of Uskayaw.
  4082 | D:5      | Entered Level 5 of the Dungeon
  4082 | D:5      | Noticed Prince Ribbit
  4096 | D:5      | Slain by Prince Ribbit

Illustrated notes

Levels and vault maps discovered:
D:1:      wander_arrival_lonely_grave, layout_basic, minmay_bisected
D:2:      layout_loops_ring
D:3:      layout_basic, serial_shops, nicolae_shop_waterfront,
          dreamdust_ecumenical_altar_sealed_demon
D:4:      layout_basic, nicolae_overflow_hidden_temple, uniq_sigmund,
          uniq_menkaure
D:5:      layout_cave_pods, gammafunk_ghost_grave,
          chequers_serial_rivers_small_b, hangedman_decor_points,
          uniq_prince_ribbit1

Skill      XL: |  1  2  3  4  5  6  7 |
---------------+----------------------+-----
Long Blades    | 3 5 6 |  6.4
Dodging        | 1 |  1.2
Stealth        | 1 |  1.2
Fighting       | 4 |  4.0
Shields        | 4 |  4.2
Armour         | |  3.8

Action                   |  1- 3 |  4- 6 |  7- 9 || total
-------------------------+-------+-------+-------++-------
Melee: Long sword        |    98 |    59 |    93 ||   250
Invok: Curse Item        |       |     1 |       ||     1
  Use: Scroll            |     6 |       |       ||     6
       Potion            |       |     2 |       ||     2
Armor: Scale mail        |    62 |    24 |    27 ||   113
Dodge: Dodged            |    36 |    20 |    29 ||    85
Block: Kite shield       |    69 |    31 |    35 ||   135
       Tower shield      |       |       |    33 ||    33
       Rpst.: Long sword |    18 |     5 |     5 ||    28
